 Dungeon Crawl Stone Soup version 0.31-a0-1071-gaead2f62b1 (webtiles) character file.

Game seed: 11186443491691845388

896 wildpjah the Ducker (level 8, -3/60 HPs)
             Began as a Merfolk Gladiator on Nov 26, 2023.
             Was a Follower of Okawaru.
             Killed from afar by Sigmund (9 damage)
             ... with a puff of flame
             ... on level 6 of the Dungeon.
             The game lasted 00:10:10 (5098 turns).

wildpjah the Ducker (Merfolk Gladiator)             Turns: 5098, Time: 00:10:11

Health: -3/60      AC:  5    Str: 14    XL:     8   Next: 7%
Magic:  8/8        EV: 15    Int:  7    God:    Okawaru [*.....]
Gold:   312        SH:  0    Dex: 18    Spells: 7/7 levels left

rFire   . . .        m - +2 dagger (elec)
rCold   + . .        (no shield)
rNeg    . . .        b - +0 leather armour
rPois   .            o - +1 helmet
rElec   .            (no cloak)
rCorr   .            (no gloves)
SInv    .            (no boots)
Will    .....        (no amulet)
Stlth   ++           B - ring of protection from cold
HPRegen 0.30/turn    (no ring)
MPRegen 0.11/turn

%: no passive effects
@: hasted, very quick
A: (nimble swimmer 2), mertail
a: Renounce Religion, Heroism


You were on level 6 of the Dungeon.
You worshipped Okawaru.
Okawaru was aware of your devotion.
You visited 2 branches of the dungeon, and saw 7 of its levels.
You also visited: Sewer.

You collected 312 gold pieces.

Inventory:

Hand Weapons
 a - a +0 long sword
 m - a +2 dagger of electrocution (weapon)
 n - a +2 dagger of venom
 D - a +4 whip
 E - a +0 falchion
Missiles
 d - 4 throwing nets (quivered)
 e - a javelin
Armour
 b - a +0 leather armour (worn)
 o - a +1 helmet (worn)
Jewellery
 B - a ring of protection from cold (left hand)
Wands
 C - a wand of flame (16)
Scrolls
 c - 2 scrolls of torment {unknown}
 g - 3 scrolls of amnesia {unknown}
 h - 2 scrolls of blinking {unknown}
 i - 5 scrolls of fear {unknown}
 j - a scroll of fog {unknown}
 l - a scroll of summoning {unknown}
 r - 6 scrolls of identify {unknown}
 t - 2 scrolls of teleportation {unknown}
 u - a scroll of revelation {unknown}
 w - 3 scrolls of enchant armour {unknown}
 x - a scroll of enchant weapon {unknown}
 y - a scroll of immolation {unknown}
 A - a scroll of noise {unknown}
Potions
 f - a potion of attraction
 k - 2 potions of lignification {unknown}
 p - a potion of mutation {unknown}
 q - a potion of brilliance {unknown}
 s - a potion of heal wounds {unknown}
 v - 2 potions of magic {unknown}
 z - 2 potions of haste


   Skills:
 + Level 3.8 Fighting
 + Level 5.6(6.6) Short Blades
 + Level 5.2(6.4) Long Blades
 + Level 2.1 Throwing
 + Level 2.9 Armour
 + Level 5.8 Dodging
 + Level 3.0 Stealth


You had 7 spell levels left.
You didn't know any spells.
Your spell library contained the following spells:

 Spells                   Type           Power      Damage    Failure   Level
 Sandblast                Erth           0%         2d4       50%         1
 Wereblood                Tmut           0%         N/A       65%         2
 Stone Arrow              Conj/Erth      0%         3d7       86%         3
 Passage of Golubria      Tloc           0%         N/A       99%         4
 Irradiate                Conj/Tmut      0%         3d11      100%        5
 Silence                  Hex/Air        0%         N/A       100%        5
 Lehudib's Crystal Spear  Conj/Erth      0%         10d2      100%        8
 Animate Armour           Summ/Erth      Unusable   N/A       N/A         4

Dungeon Overview and Level Annotations

Branches:
Dungeon (6/15)             Temple (1/1) D:5           Sewer (visited)

Altars:
Ashenzari
Cheibriados
Fedhas
Gozag
Makhleb
Nemelex Xobeh
Okawaru
Qazlal
Ru
Trog
Uskayaw
Vehumet
Xom
Yredelemnul
Zin
The Shining One

Shops:
D:1 [

Annotations:
D:6 Sigmund


Innate Abilities, Weirdness & Mutations

((You are very nimble when in or above water. (Stealth+, EV+, Speed+++)))
Your lower body shifts to a powerful aquatic tail in water.


Message History

You kill the orc!
Okawaru accepts your kill.
The phantom hits you but does no damage.
You hear some strange, mumbled words.
Something tries to affect you, but you resist.
You miss something. You barely miss something. You hit something.
The orc priest closely misses you. Something hits you. The phantom hits you.
You hit something but do no damage. You completely miss something.
The orc priest barely misses you. The phantom misses you.
You miss something. Something hits you.
You hit something but do no damage. Your punch misses something.
The orc priest misses you. The phantom closely misses you.
You hit something but do no damage. You hit something.
The orc priest looks braver for a moment.
Something closely misses you. The phantom closely misses you.
You hit something but do no damage. Lightning courses through something!
You hit something but do no damage. The orc priest barely misses you.
The phantom hits you.
The phantom blinks!
You blink.
The orc priest mumbles some strange prayers to Beogh against you.
Beogh smites you!
* * * LOW HITPOINT WARNING * * *
The phantom hits you.
* * * LOW HITPOINT WARNING * * *
You hit the phantom.
The phantom is moderately damaged.
You closely miss the phantom.
The phantom is moderately damaged.
The orc priest calls down the wrath of Beogh upon you.
Beogh smites you!
* * * LOW HITPOINT WARNING * * *
The phantom hits you but does no damage.
You hit the phantom.
The phantom is moderately damaged.
A puff of flame appears from out of thin air!
The puff of flame hits you!
You die...

##### ... ..#
############.####
#...........>...#####
#......).............
#.....ยงยง){..W.....#
#....>...o...@..####
#..................#
#...............##...#
########.....$..####.#
#<............#
######.....# ##.<#.#
#..##.# #....# #


You could see a phantom and an orc priest.

Vanquished Creatures
  A water moccasin (D:5)
  A phantom (D:6)
  A bullfrog (Sewer)
  A scorpion (D:5)
  A wight (D:5)
  2 howler monkeys (D:5)
  A jelly (D:5)
  An orc priest (D:5)
  3 sleepcaps
  An iguana (D:5)
  Robin (D:2)
  10 adders
  A white imp (D:4)
  3 ufetubi
  4 worms
  3 dart slugs
  11 orcs
  19 ball pythons
  12 endoplasms
  9 giant cockroaches
  12 goblins
  8 hobgoblins
  15 quokkas
  4 bats
  15 frilled lizards
  8 kobolds
  9 rats
157 creatures vanquished.

Notes
Turn   | Place    | Note
-------+----------+-------------------------------------------
     0 | D:1      | wildpjah the Merfolk Gladiator began the quest for the Orb.
     0 | D:1      | Reached XP level 1. HP: 16/16 MP: 1/1
    93 | D:1      | Reached XP level 2. HP: 19/22 MP: 2/2
   189 | D:1      | Found a faded altar of an unknown god.
   196 | D:1      | Got Plato's Quarto of Mud
   365 | D:1      | Found Adyf's Antique Armour Boutique.
   494 | D:1      | Reached XP level 3. HP: 28/28 MP: 3/3
   997 | D:2      | Noticed Robin
  1289 | D:2      | Reached XP level 4. HP: 34/34 MP: 4/4
  1302 | D:2      | Reached skill level 1 in Armour
  1306 | D:2      | Killed Robin
  1696 | D:2      | Reached skill level 5 in Long Blades
  2114 | D:3      | Reached XP level 5. HP: 14/39 MP: 5/5
  2249 | D:3      | Found an iron altar of Okawaru.
  2257 | D:3      | Became a worshipper of Warmaster Okawaru
  2321 | D:3      | Reached skill level 1 in Short Blades
  2405 | D:3      | Found a shimmering altar of Xom.
  2636 | D:3      | Found a snail-covered altar of Cheibriados.
  2779 | D:4      | Found a glowing drain.
  2783 | Sewer    | Entered a sewer
  2891 | Sewer    | Reached skill level 5 in Dodging
  2917 | Sewer    | Reached skill level 1 in Stealth
  3060 | Sewer    | Reached XP level 6. HP: 45/46 MP: 6/6
  3676 | D:4      | Found a glowing golden altar of the Shining One.
  4015 | D:5      | Entered Level 5 of the Dungeon
  4062 | D:5      | Noticed a water moccasin
  4083 | D:5      | Killed a water moccasin
  4084 | D:5      | Reached XP level 7. HP: 28/52 MP: 7/7
  4086 | D:5      | Reached * piety under Okawaru
  4507 | D:5      | Found a staircase to the Ecumenical Temple.
  4536 | Temple   | Entered the Ecumenical Temple
  4558 | D:5      | Reached skill level 5 in Short Blades
  4760 | D:6      | Noticed Sigmund
  5074 | D:6      | Reached XP level 8. HP: 48/60 MP: 8/8
  5098 | D:6      | Killed from afar by Sigmund

Illustrated notes

Levels and vault maps discovered:
D:1:      lemuel_arrival_room, layout_basic,
          shapermc_ecumenical_altar_rom_forum, serial_shops, nicolae_square_shop
D:2:      layout_loops_ring, serial_aquarium, aquarium_bridge_straight
          [aquarium_subvault_bridge, aquarium_subvault_window,
          aquarium_subvault_bridge, aquarium_subvault_window],
          aquarium_window_corner, aquarium_window_corner,
          aquarium_window_corner, aquarium_view_2c, aquarium_balcony_1a,
          aquarium_pool_2, uniq_robin
D:3:      layout_basic, mainiacjoe_overflow_surrounded_room,
          lemuel_doored_altar, mainiacjoe_overflow_paths, amethyst_killhole,
          hangedman_abyss_or_decor_lesser_grid
D:4:      layout_cave_pools, nicolae_tso_swordbearing_angel,
          mainiacjoe_sewer_entry_somewhere_in_here_2, dk_rats_in_the_wall
D:5:      layout_loops_ring, minmay_temple_entry_stoned_glass, st_stairs_5
D:6:      layout_rooms, kennysheep_mini_moat, overflow_temple_1_default,
          uniq_pikel, uniq_sigmund
Temple:   minmay_temple_forest_path

Skill      XL: |  1  2  3  4  5  6  7 |
---------------+----------------------+-----
Long Blades    | 4 5 |  5.2
Armour         | 1 2 |  2.9
Short Blades   | 2 4 5 |  5.6
Dodging        | 5 |  5.8
Stealth        | 1 2 3 |  3.0
Fighting       | 3 |  3.8
Throwing       | |  2.1

Action                     |  1- 3 |  4- 6 |  7- 9 || total
---------------------------+-------+-------+-------++-------
  Melee: Long sword        |   115 |    16 |       ||   131
         Punch             |     3 |     3 |     2 ||     8
         Dagger            |       |   291 |    85 ||   376
         Tailslap          |       |    13 |       ||    13
    Use: Potion            |     2 |       |     1 ||     3
   Stab: Sleeping          |     1 |     6 |     1 ||     8
 Armour: Leather armour    |    59 |   104 |    43 ||   206
  Dodge: Dodged            |    80 |   165 |    61 ||   306

Table legend: (Time is in decaauts)
 A = Elapsed time spent in this place.
 B = Non-inter-level travel time spent in this place.
 C = Inter-level travel time spent in this place.
 D = Time resting spent in this place.
 E = Time spent auto-exploring this place.
 F = Levels seen in this place.
 G = Mean time per level.
                   A        B        C        D        E       F      G
               +--------+--------+--------+--------+--------+-----+--------+
         Total |   4957 |   4749 |    208 |    259 |   3474 |   8 |  619.6 |
       Dungeon |   4463 |   4255 |    208 |    259 |   3142 |   6 |  743.8 |
        Temple |      1 |      1 |      0 |      0 |      0 |   1 |    1.0 |
         Sewer |    491 |    491 |      0 |      0 |    331 |   1 |  491.0 |
               +--------+--------+--------+--------+--------+-----+--------+

Top non-repeatable levels by time:
     D:1: 1117 daAuts
     D:5: 1013 daAuts
     D:2: 890 daAuts
     D:3: 729 daAuts
     D:4: 679 daAuts
   Sewer: 491 daAuts
     D:6: 33 daAuts
  Temple: 1 daAuts
